 Dungeon Crawl Stone Soup version 0.18-a0-965-g9200175 (webtiles) character file.

1553 dvd the Geomancer (level 8, -1/66 HPs)
             Began as a Deep Dwarf Earth Elementalist on Jan 1, 2016.
             Was a Follower of Pakellas.
             Slain by an orc priest
             ... wielding a +0 hand axe
              (6 damage)
             ... on level 6 of the Dungeon.
             The game lasted 00:25:10 (5226 turns).

dvd the Geomancer (Deep Dwarf Earth Elementalist)   Turns: 5226, Time: 00:25:10

Health: -1/66      AC:  7    Str: 13    XL:     8   Next: 57%
Magic:  2/16       EV: 14    Int: 23    God:    Pakellas [*.....]
Gold:   256        SH:  0    Dex: 13    Spells: 3 memorised, 12 levels left

rFire  . . .     SeeInvis .     J - +1 dagger (protect)
rCold  . . .     Gourm    .     a - +0 robe
rNeg   . . .     Faith    .     (no shield)
rPois  .         Spirit   .     (no helmet)
rElec  .         Dismiss  .     (no cloak)
rCorr  .         Reflect  .     (no gloves)
SustAt .         Harm     .     (no boots)
MR     +....                    p - amulet of rage
Stlth  ++........               (no ring)
                                z - +6 ring of intelligence

@: non-regenerating, somewhat resistant to hostile enchantments, unstealthy
A: damage resistance, recharge devices, sense surroundings 1, slow regeneration
3
a: Device Recharging, Quick Charge, Renounce Religion, Evoke Berserk Rage


You were on level 6 of the Dungeon.
You worshipped Pakellas.
Pakellas was aware of your devotion.
You were not hungry.

You visited 2 branches of the dungeon, and saw 7 of its levels.

You collected 256 gold pieces.

Inventory:

Hand Weapons
 k - a +0 flail
 n - a +0 short sword
 G - a +0 hand axe
 J - a +1 dagger of protection (weapon)
 L - a +0 battleaxe
Missiles
 b - 17 stones (quivered)
 r - 4 tomahawks
Armour
 a - a +0 robe (worn)
 j - a +2 large shield
 A - a +0 robe
Magical Staves
 I - an uncursed staff of power
Jewellery
 p - an amulet of rage (around neck)
 z - a +6 ring of intelligence (left hand)
Wands
 d - a wand of heal wounds (0/9)
 v - a wand of fireball (3/15)
 C - a wand of digging (10/24)
Scrolls
 e - 2 scrolls of blinking {unknown}
 g - 7 scrolls of identify {unknown}
 i - a scroll of enchant weapon {unknown}
 q - 2 scrolls of recharging {unknown}
 u - 2 scrolls of enchant armour {unknown}
 x - 3 scrolls of teleportation {unknown}
 y - a scroll of immolation {unknown}
 D - a scroll of magic mapping {unknown}
 E - a scroll of remove curse {unknown}
Potions
 h - 3 potions of might {unknown}
 l - a potion of mutation {unknown}
 m - a potion of lignification {unknown}
 s - a potion of poison {unknown}
 t - 3 potions of heal wounds {unknown}
 w - a potion of haste {unknown}
 B - a potion of cure mutation {unknown}
 F - a potion of beneficial mutation {unknown}
 H - a potion of brilliance {unknown}
Books
 c - a book of Geomancy

   Spells                             Type                      Level
   a - Sandblast                      Earth                        1
   b - Stoneskin                      Transmutation/Earth          2
   c - Passwall                       Transmutation/Earth          3
   d - Stone Arrow                    Conjuration/Earth            3
   e - Petrify                        Transmutation/Earth          4
   f - Lee's Rapid Deconstruction     Earth                        5
Comestibles
 f - 7 bread rations
 o - 3 meat rations
 K - 2 chunks of flesh


   Skills:
 + Level 1.7 Fighting
 + Level 1.3 Short Blades
 + Level 4.9 Dodging
 + Level 4.0 Stealth
 + Level 5.5 Spellcasting
 + Level 0.6 Conjurations
 + Level 1.2 Transmutations
 + Level 9.2 Earth Magic
 + Level 1.0 Evocations


You had 12 spell levels left.
You knew the following spells:

 Your Spells              Type           Power        Failure   Level  Hunger
a - Sandblast             Erth           #####.       1%          1    None
b - Stoneskin             Trmt/Erth      ####....     1%          2    None
c - Stone Arrow           Conj/Erth      ####..       4%          3    ##.....


Dungeon Overview and Level Annotations

Branches:
Dungeon (6/15)             Temple (1/1) D:4

Altars:
Cheibriados
Dithmenos
Elyvilon
Gozag
Kikubaaqudgha
Nemelex Xobeh
Okawaru
Pakellas
Ru
Sif Muna
Trog
Vehumet
Xom
Yredelemnul
Zin
The Shining One

Shops:
D:4 =   D:6 }


Innate Abilities, Weirdness & Mutations

You are resistant to damage.
You can recharge devices by infusing magical energy.
You passively map a small area around you.
You do not regenerate naturally.


Message History

You feel your power returning.
This wand has 4 charges left.
The orc priest misses you.
Evoke which item? (* to show all) (? for menu, Esc to quit)
Zapping:
v - a wand of fireball (4/15)
Press: ? - help, Shift-Dir - straight line The fireball explodes!
The fireball engulfs the orc priest.
The orc priest is almost dead.
The fireball engulfs the orc.
You kill the orc!
Pakellas accepts your kill.
You feel your power returning.
This wand has 3 charges left.
Unknown command.
You barely miss the orc priest.
The orc priest is almost dead.
The orc priest closely misses you.
Unknown command.
You hit the orc priest but do no damage.
The orc priest is almost dead.
The orc priest hits you with a hand axe!
You die...

....
#.....#.............# ,
....,
#.....#.............# ,,
###.,
#.....###.....####..#
*###.....#.....####..###,
#.....#.............# * ,
, #.....#.............# ,
#.....#.............#
#.....#..)).).......+,
#.....#@##########..# , *
#.....o.)......., ** ,
#.......).o..... , ,
#...............
#............... ,
#............... + ,
#.........#####. ,
#.........# , * , , ,
,#.........# , ,


You could see an orc priest and an orc.

Vanquished Creatures
  Sigmund (D:4)
  The ghost of dvd the Reactionary, an amateur DDAr of Pakellas (D:4)
  Menkaure (D:4)
  Duvessa (D:5)
  A black bear (D:6)
  A sky beast (D:6)
  A phantom (D:4)
  A giant frog (D:6)
  Dowan (D:5)
  A scorpion (D:5)
  3 hounds
  A centaur skeleton (D:4)
  An orc priest (D:5)
  2 iguanas (D:4)
  An orc wizard (D:4)
  3 worker ants
  12 gnolls
  6 adders
  2 shadow imps (D:5)
  3 oozes
  4 worms
  A giant gecko (D:5)
  9 orcs
  2 ball pythons
  7 bats
  6 giant cockroaches
  7 goblins
  7 hobgoblins
  4 jackals
  3 quokkas
  A giant gecko skeleton (D:5)
  5 giant newts
  A jackal skeleton (D:4)
  12 kobolds
  12 rats
125 creatures vanquished.

Notes
Turn   | Place    | Note
--------------------------------------------------------------
     0 | D:1      | dvd the Deep Dwarf Earth Elementalist began the quest for the Orb.
     0 | D:1      | Reached XP level 1. HP: 15/15 MP: 3/3
   263 | D:1      | Reached XP level 2. HP: 22/22 MP: 0/4
   370 | D:1      | Learned a level 2 spell: Stoneskin
  1094 | D:2      | Reached XP level 3. HP: 28/28 MP: 3/6
  1116 | D:2      | Reached skill level 5 in Earth Magic
  1371 | D:2      | Reached XP level 4. HP: 20/36 MP: 4/7
  1497 | D:2      | Found an iron altar of Okawaru.
  1624 | D:2      | Reached XP level 5. HP: 15/43 MP: 0/9
  1795 | D:2      | Learned a level 3 spell: Stone Arrow
  1988 | D:3      | Reached skill level 6 in Earth Magic
  2098 | D:3      | Found a glowing golden altar of the Shining One.
  3227 | D:4      | Found Etocsaph's Jewellery Shop.
  3247 | D:4      | Reached XP level 6. HP: 26/50 MP: 9/11
  3249 | D:4      | Noticed Sigmund
  3253 | D:4      | Killed Sigmund
  3253 | D:4      | Reached skill level 1 in Transmutations
  3253 | D:4      | Reached skill level 7 in Earth Magic
  3429 | D:4      | Reached XP level 7. HP: 44/56 MP: 8/13
  3597 | D:4      | Reached skill level 8 in Earth Magic
  3630 | D:4      | Noticed dvd's ghost (amateur DDAr)
  3636 | D:4      | Killed dvd's ghost
  3732 | D:4      | Found a radiant altar of Vehumet.
  3827 | D:4      | Found a staircase to the Ecumenical Temple.
  3836 | Temple   | Entered the Ecumenical Temple
  3900 | Temple   | Became a worshipper of Pakellas the Inventive
  4138 | D:4      | Noticed Menkaure
  4155 | D:4      | Killed Menkaure
  4385 | D:5      | Entered Level 5 of the Dungeon
  4385 | D:5      | Noticed Duvessa
  4385 | D:5      | Noticed Dowan
  4403 | D:5      | Killed Duvessa
  4403 | D:5      | Reached skill level 5 in Spellcasting
  4403 | D:5      | Reached XP level 8. HP: 41/63 MP: 9/15
  4408 | D:5      | Killed Dowan
  4408 | D:5      | Reached skill level 9 in Earth Magic
  4557 | D:5      | Reached skill level 1 in Fighting
  4733 | D:5      | Found a snail-covered altar of Cheibriados.
  5026 | D:6      | Found Tezxiss's Gadget Emporium.
  5131 | D:6      | Reached skill level 1 in Short Blades
  5131 | D:6      | Reached * piety under Pakellas
  5198 | D:6      | Reached skill level 1 in Evocations
  5226 | D:6      | Slain by an orc priest

Vault maps used:
D:1:      dpeg_arrival_refuge
D:2:      kennysheep_okawaru_gauntlet, minmay_crystal_room
D:3:      nicolae_overflow_crystal_walls, first_bread
D:4:      kennysheep_spiral_hall, vehumet_crystals,
          minmay_temple_entry_nine_rooms, serial_shops, shop,
          roderic_filled_cross, uniq_menkaure, uniq_sigmund
D:5:      cheibrodos_worm_habitat, uniq_duvessa
D:6:      bloody_makhleb, serial_shops, nicolae_shop_crystal
Temple:   oiseaux_autumnal_temple_12

Action                   |  1- 3 |  4- 6 |  7- 9 || total
-------------------------+-------+-------+-------++-------
Melee: Unarmed           |     4 |       |       ||     4
       Short sword       |    17 |     2 |       ||    19
       Flail             |       |    25 |    11 ||    36
       Staff             |       |       |     1 ||     1
       Dagger            |       |       |   146 ||   146
 Cast: Sandblast         |    45 |    75 |    32 ||   152
       Stoneskin         |     1 |     3 |     2 ||     6
       Stone Arrow       |       |     6 |     3 ||     9
Invok: Quick Charge      |       |       |     1 ||     1
Evoke: Wand              |       |     3 |     8 ||    11
 Stab: Sleeping          |     1 |     2 |     1 ||     4
  Eat: Chunk             |     2 |     8 |     1 ||    11
       Meat ration       |       |       |     1 ||     1
